 Dungeon Crawl Stone Soup version 0.21.1-1-g345015fe64 (webtiles) character file.

4963 Kholdaimon the Cleaver (level 10, -2/88 HPs)
             Began as a Minotaur Fighter on June 14, 2018.
             Was an Elder of Okawaru.
             Slain by a death yak (14 damage)
             ... on level 7 of the Dungeon.
             The game lasted 00:54:17 (7959 turns).

Kholdaimon the Cleaver (Minotaur Fighter)           Turns: 7959, Time: 00:54:17

Health: -2/88      AC: 21    Str: 21    XL:     10   Next: 28%
Magic:  9/9        EV:  6    Int:  5    God:    Okawaru [****..]
Gold:   165        SH: 17    Dex:  9    Spells: 9/9 levels left

rFire    + . .     SeeInvis .   a - +0 war axe
rCold    + . .     Gourm    .   n - +0 large shield
rNeg     . . .     Faith    .   B - +8 chain mail of Feetwese {rElec rC+ Dex-4}
rPois    +         Spirit   .   (helmet restricted)
rElec    +         Reflect  .   J - +0 cloak
rCorr    .         Harm     .   (no gloves)
MR       .....                  o - +0 pair of boots
Stlth    ..........             A - amulet of magic regeneration
HPRegen  0.24/turn              l - ring of protection from fire
MPRegen  0.36/turn              b - ring of poison resistance

@: no status effects
A: retaliatory headbutt, horns 2
a: Heroism, Renounce Religion


You were on level 7 of the Dungeon.
You worshipped Okawaru.
Okawaru was greatly pleased with you.
You were not hungry.

You visited 2 branches of the dungeon, and saw 9 of its levels.

You collected 375 gold pieces.
You spent 210 gold pieces at shops.

Inventory:

Hand Weapons
 a - a +0 war axe (weapon)
Missiles
 x - 7 silver javelins
 y - 15 tomahawks (quivered)
Armour
 n - a +0 large shield (worn)
 o - a +0 pair of boots (worn)
 v - a +2 ring mail of fire resistance
 B - the +8 chain mail of Feetwese (worn) {rElec rC+ Dex-4}
   (You found it on level 7 of the Dungeon)

   It affects your dexterity (-4).
   It protects you from cold.
   It insulates you from electricity.
 J - a +0 cloak (worn)
Jewellery
 b - a ring of poison resistance (right hand)
 l - a ring of protection from fire (left hand)
 A - an amulet of magic regeneration (around neck)
Scrolls
 g - 2 scrolls of blinking {unknown}
 h - 3 scrolls of fog
 i - 5 scrolls of remove curse
 u - 2 scrolls of amnesia
 z - a scroll of teleportation {unknown}
 C - 2 scrolls of enchant armour
 F - a scroll of noise {unknown}
 H - a scroll of enchant weapon {unknown}
Potions
 c - 3 potions of curing
 e - a potion of berserk rage
 k - 2 potions of flight
 p - a potion of cancellation
 q - a potion of lignification {unknown}
 r - a potion of mutation {unknown}
 s - a potion of ambrosia {unknown}
 t - a potion of heal wounds {unknown}
 w - a potion of agility {unknown}
 D - 3 potions of brilliance
Books
 E - a book of Minor Magic

   Spells                             Type                      Level
   a - Magic Dart                     Conjuration                  1
   b - Blink                          Translocation                2
   c - Call Imp                       Summoning                    2
   d - Slow                           Hexes                        2
   e - Conjure Flame                  Conjuration/Fire             3
   f - Mephitic Cloud                 Conjuration/Poison/Air       3
Comestibles
 d - 4 chunks of flesh
 f - 6 rations


   Skills:
 + Level 7.7 Fighting
 * Level 11.4 Axes
 + Level 7.7 Armour
 + Level 3.4 Dodging
 + Level 1.2 Stealth
 + Level 10.2 Shields


You had 9 spell levels left.
You didn't know any spells.

Dungeon Overview and Level Annotations

Branches:
Dungeon (8/15)             Temple (1/1) D:4            Lair (0/6) D:8

Altars:
Ashenzari
Cheibriados
Dithmenos
Elyvilon
Fedhas
Gozag
Hepliaklqana
Kikubaaqudgha
Makhleb
Nemelex Xobeh
Okawaru
Qazlal
Ru
Sif Muna
Trog
Uskayaw
Vehumet
Wu Jian
Xom
Yredelemnul
Zin
The Shining One

Shops:
D:5 *


Innate Abilities, Weirdness & Mutations

You reflexively headbutt those who attack you in melee.
You have a pair of horns on your head.


Message History

The death yak gores you but does no damage.
You slash the death yak!
The death yak is almost dead.
You block the death yak's attack.
You hit the death yak but do no damage.
The death yak is severely wounded.
You block the death yak's attack.
You hit the death yak.
The death yak is almost dead.
The death yak gores you!
You hit the death yak but do no damage. You headbutt the death yak.
The death yak is almost dead.
The death yak gores you!
* * * LOW HITPOINT WARNING * * *
The death yak gores you!
* * * LOW HITPOINT WARNING * * *
You hit the death yak but do no damage.
The death yak is almost dead.
The death yak gores you!
You die...

#.......## ###........#
#........# ##..........#
#........###...........#
####.###..##..######.###
###.# ##.....# #.#
#...###..###.######.#
#.#...Y[............##
#.#.##Y####.##...)...##
#.#<##@# #.##.....#...
####.#.##.####.##.......##
#.........##....).........
#.........####.##.....#.[.
#.........#########...#...
#.........##..#..##...#...
#.........#.##.###..#.....
#.........##...###..>.#.##
#.........##.##.##..#...##


You could see 2 death yaks.

Vanquished Creatures
  3 death yaks (D:7)
  A hornet (D:7)
  The ghost of Gedi the Skirmisher, an amateur MiAK of Lugonu (D:4)
  A wraith (D:7)
  A water moccasin (D:7)
  2 ice beasts
  3 sky beasts (D:6)
  An orc warrior (D:6)
  2 centaurs
  3 ogres
  A bullfrog (D:7)
  The ghost of Brecoman the Ruffian, a weakling TrBe of Trog (D:3)
  A scorpion (D:7)
  A water moccasin skeleton (D:7)
  5 wights (D:7)
  3 crimson imps
  A centaur zombie (D:5)
  A hound (D:7)
  A quasit (D:6)
  A centaur skeleton (D:4)
  Crazy Yiuf (D:7)
  7 orc priests
  A jelly (D:7)
  A bullfrog skeleton (D:7)
  2 iguanas (D:7)
  5 orc wizards
  4 worker ants
  A hound zombie (D:6)
  2 hound skeletons
  A howler monkey zombie (D:7)
  A worker ant zombie (D:6)
  9 adders
  A shadow imp (D:7)
  2 oozes (D:1)
  An adder skeleton (D:6)
  An adder zombie (D:7)
  3 worms
  A dart slug (D:5)
  7 leopard geckos
  32 orcs
  5 bats
  8 giant cockroaches
  10 goblins
  8 hobgoblins
  19 jackals
  11 kobolds
  6 quokkas
  2 ball pythons
  A ball python skeleton (D:4)
  7 frilled lizards
  A jackal skeleton (D:6)
  A jackal zombie (D:6)
  A quokka zombie (D:7)
  10 rats
207 creatures vanquished.

Vanquished Creatures (others)
  A sky beast (D:6)
  A worker ant (D:5)
2 creatures vanquished.

Grand Total: 209 creatures vanquished

Notes
Turn   | Place    | Note
-------+----------+-------------------------------------------
     0 | D:1      | Kholdaimon the Minotaur Fighter began the quest for the Orb.
     0 | D:1      | Reached XP level 1. HP: 19/19 MP: 0/0
    61 | D:1      | Reached XP level 2. HP: 24/27 MP: 1/1
   200 | D:1      | Reached XP level 3. HP: 33/33 MP: 2/2
   330 | D:1      | Reached skill level 3 in Axes
   844 | D:2      | Reached XP level 4. HP: 37/40 MP: 3/3
   924 | D:2      | Found a blossoming altar of Fedhas.
   931 | D:2      | Found a faded altar of an unknown god.
   989 | D:2      | Found a shadowy altar of Dithmenos.
  1009 | D:2      | Found a hide-covered altar of Uskayaw.
  1010 | D:2      | Noticed a dagger
  1011 | D:2      | Noticed a dagger
  1656 | D:3      | Noticed Brecoman's ghost (weakling TrBe)
  1667 | D:3      | Killed Brecoman's ghost
  1667 | D:3      | Reached skill level 4 in Axes
  1667 | D:3      | Reached skill level 5 in Shields
  1667 | D:3      | Reached XP level 5. HP: 26/47 MP: 4/4
  1985 | D:3      | Found an ancient bone altar of Kikubaaqudgha.
  2097 | D:3      | Found a hazy altar of Hepliaklqana.
  2218 | D:3      | Found a white marble altar of Elyvilon.
  2798 | D:4      | Found a staircase to the Ecumenical Temple.
  2822 | Temple   | Entered the Ecumenical Temple
  2949 | Temple   | Became a worshipper of Warmaster Okawaru
  3034 | D:4      | Noticed Gedi's ghost (amateur MiAK)
  3054 | D:4      | Killed Gedi's ghost
  3054 | D:4      | Reached skill level 5 in Axes
  3054 | D:4      | Reached skill level 1 in Dodging
  3054 | D:4      | Reached XP level 6. HP: 27/53 MP: 5/5
  3220 | D:4      | Reached skill level 5 in Armour
  3458 | D:4      | Reached * piety under Okawaru
  3744 | D:4      | Reached XP level 7. HP: 34/60 MP: 6/6
  3912 | D:4      | Found a glowing silver altar of Zin.
  4270 | D:5      | Entered Level 5 of the Dungeon
  4284 | D:5      | Reached skill level 5 in Fighting
  4284 | D:5      | Reached skill level 6 in Axes
  4849 | D:5      | Found Cerr's Assorted Antiques.
  4854 | D:5      | Bought a scroll of remove curse for 84 gold pieces
  4854 | D:5      | Bought a helmet for 126 gold pieces
  5127 | D:6      | Reached skill level 7 in Axes
  5131 | D:6      | Reached ** piety under Okawaru
  5217 | D:6      | Reached XP level 8. HP: 63/70 MP: 7/7
  5391 | D:6      | Reached skill level 8 in Axes
  5675 | D:6      | Found a deep blue altar of Sif Muna.
  6074 | D:6      | Reached skill level 1 in Stealth
  6234 | D:6      | Reached skill level 9 in Axes
  6480 | D:7      | Got a translucent chain mail
  6491 | D:7      | Identified the +8 chain mail of Feetwese {rElec rC+ Dex-4} (You found it on level 7 of the Dungeon)
  6552 | D:7      | Reached XP level 9. HP: 78/78 MP: 8/8
  6592 | D:7      | Reached *** piety under Okawaru
  6885 | D:7      | Reached skill level 10 in Axes
  7084 | D:7      | Found a runed door.
  7088 | D:7      | Noticed Crazy Yiuf
  7096 | D:7      | Killed Crazy Yiuf
  7347 | D:8      | Found a staircase to the Lair.
  7347 | D:8      | Noticed a death yak
  7347 | D:8      | Noticed a death yak
  7347 | D:8      | Noticed a death yak
  7350 | D:8      | Noticed a death yak
  7351 | D:8      | Noticed a death yak
  7361 | D:7      | Killed a death yak
  7361 | D:7      | Reached **** piety under Okawaru
  7554 | D:7      | Killed a death yak
  7554 | D:7      | Reached skill level 11 in Axes
  7554 | D:7      | Reached XP level 10. HP: 12/86 MP: 9/9
  7557 | D:7      | Reached skill level 10 in Shields
  7561 | D:7      | Killed a death yak
  7959 | D:7      | Slain by a death yak

Skill      XL: |  1  2  3  4  5  6  7  8  9 10 |
---------------+-------------------------------+-----
Fighting       | 4 5 6 7 |  7.7
Armour         | 4 5 6 7 |  7.7
Shields        | 4 5 6 7 9 10 | 10.2
Axes           | 3 4 5 7 9 11 | 11.4
Dodging        | 1 2 3 |  3.4
Stealth        | 1 |  1.2

Action                   |  1- 3 |  4- 6 |  7- 9 | 10-12 || total
-------------------------+-------+-------+-------+-------++-------
Melee: War axe           |    63 |   193 |   348 |    29 ||   633
       Headbutt          |     6 |    28 |    66 |     8 ||   108
  Use: Scroll            |       |     8 |     9 |       ||    17
       Potion            |       |       |     2 |       ||     2
  Eat: Chunk             |       |     9 |    12 |     2 ||    23
Armor: Scale mail        |    29 |    66 |     3 |       ||    98
       Ring mail         |       |       |    44 |       ||    44
       Chain mail        |       |       |    78 |     7 ||    85
Dodge: Dodged            |    25 |    47 |    49 |     3 ||   124
Block: Shield            |    31 |    22 |       |       ||    53
       Large shield      |       |   125 |   292 |    30 ||   447
